 Dungeon Crawl Stone Soup version 0.18-a0-1078-gebb93d0 (webtiles) character file.

450200 Trivium the Executioner (level 25, -3/220 HPs)
             Began as a Formicid Fighter on Jan 12, 2016.
             Was the Champion of Okawaru.
             Splashed by a caustic shrike's acid (4 damage)
             ... on level 5 of the Depths on Jan 14, 2016.
             The game lasted 02:34:49 (51270 turns).

Trivium the Executioner (Formicid Fighter)         Turns: 51270, Time: 02:34:49

Health: -3/220     AC: 11    Str: 44    XL:     25   Next: 48%
Magic:  0/41       EV: 31    Int: 17    God:    Okawaru [******]
Gold:   2245       SH: 20    Dex: 20    Spells: 3 memorised, 10 levels left

rFire  + + +     SeeInvis +     I - +10 broad axe of the Endless March {flame, rPois Str+6 Stlth-}
rCold  + . .     Gourm    .     e - +4 moon troll leather armour {Spirit, Regen++ MP+5}
rNeg   + + +     Faith    .     s - +0 shield {reflect}
rPois  +         Spirit   +     (helmet unavailable)
rElec  +         Dismiss  +     P - +1 cloak of Quanaet {Str+4 Int+4}
rCorr  +         Reflect  +     t - +2 pair of gloves of Watchfulness {rC+ rN+ MR+ Str+2}
SustAt .         Harm     .     O - +0 pair of boots of the Blacksmith {-Tele rElec rCorr Dex+8}
MR     +++..                    K - amulet of Cekugob {Dismiss -Tele rElec rPois rN++ AC+1 EV+1}
Stlth  +++++++...               h - ring of magical power
                                N - ring "Fetas" {rF+++ MP-9 Str+6 Int+2}

@: heroism, corroded equipment, extremely resistant to hostile enchantments,
extremely stealthy
A: permanent stasis, dig shafts and tunnels, four strong arms, antennae 3,
hooves 1, camouflage 1, blurry vision 1, clumsy 1, regeneration 1, robust 1
a: Dig, Shaft Self, Heroism, Finesse, Renounce Religion
}: 2/15 runes: decaying, serpentine


You were on level 5 of the Depths.
You worshipped Okawaru.
Okawaru was exalted by your worship.
You were not hungry.

You visited 8 branches of the dungeon, and saw 44 of its levels.
You visited 2 bazaars.
You also visited: Ice Cave and Wizlab.

You collected 5911 gold pieces.
You spent 3666 gold pieces at shops.

Inventory:

Hand Weapons
 w - a +2 vampiric executioner's axe
 I - the +10 broad axe of the Endless March (weapon) {flame, rPois Str+6 Stlth-}
   (Okawaru gifted it to you on level 1 of the Snake Pit)

   It has been specially enchanted to burn those struck by it, causing extra
   injury to most foes and up to half again as much damage against particularly
   susceptible opponents.
   Big, fiery blades are also staple armaments of hydra-hunters.
   It affects your strength (+6).
   It protects you from poison.
   It makes you less stealthy.
 L - a +5 executioner's axe of chopping
Armour
 a - a +6 gold dragon armour
 e - the +4 moon troll leather armour (worn) {Spirit, Regen++ MP+5}
   (You took it off a centaur on level 11 of the Dungeon)

   It affects your magic capacity (+5).
   It increases your rate of regeneration.
 s - a +0 shield of reflection (worn)
 t - the +2 pair of gloves of Watchfulness (worn) {rC+ rN+ MR+ Str+2}
   (You bought it in a shop on level 6 of the Dungeon)

   It affects your strength (+2).
   It protects you from cold.
   It protects you from negative energy.
   It affects your resistance to hostile enchantments.
 A - a +2 pair of boots of running
 O - the +0 pair of boots of the Blacksmith (worn) {-Tele rElec rCorr Dex+8}
   (You bought it in a shop on level 15 of the Dungeon)

   It affects your dexterity (+8).
   It insulates you from electricity.
   It prevents most forms of teleportation.
   It protects you from acid and corrosion.
 P - the +1 cloak of Quanaet (worn) {Str+4 Int+4}
   (Okawaru gifted it to you on level 3 of the Snake Pit)

   It affects your strength (+4).
   It affects your intelligence (+4).
Jewellery
 h - a ring of magical power (right hand)
 B - a +3 ring of protection {unknown}
 G - an uncursed ring of sustain attributes
 K - the amulet of Cekugob (around neck) {Dismiss -Tele rElec rPois rN++ AC+1 EV+1}
   (You bought it in a shop in a bazaar)

   [amulet of dismissal]

   It may teleport away creatures that harm you.
   It affects your AC (+1).
   It affects your evasion (+1).
   It insulates you from electricity.
   It protects you from poison.
   It greatly protects you from negative energy.
   It prevents most forms of teleportation.
 M - the ring of the Scavenger {rN+ Dex+3 Stlth-}
   (You bought it in a shop in a bazaar)

   [ring of loudness]

   It affects your dexterity (+3).
   It protects you from negative energy.
   It makes you less stealthy.
 N - the ring "Fetas" (left hand) {rF+++ MP-9 Str+6 Int+2}
   (You bought it in a shop on level 15 of the Dungeon)

   [ring of intelligence]

   It affects your strength (+6).
   It affects your intelligence (+2).
   It renders you almost immune to fire.
   It affects your magic capacity (-9).
Wands
 b - a wand of fire (2/15)
 x - a wand of digging (16/24)
 H - a wand of teleportation (2/9)
 Q - a wand of digging (3/24)
 X - a wand of draining (13/15)
Scrolls
 d - 13 scrolls of identify
 i - 5 scrolls of magic mapping
 j - a scroll of holy word
 l - 11 scrolls of immolation
 r - a scroll of enchant armour
 u - 25 scrolls of remove curse
 y - 9 scrolls of amnesia
 C - 9 scrolls of fog
 S - 2 scrolls of summoning
 T - 5 scrolls of fear
 Z - 7 scrolls of recharging
Potions
 c - 2 potions of cancellation
 g - 3 potions of mutation
 n - 2 potions of heal wounds
 o - 18 potions of curing
 v - 2 potions of cure mutation
 z - 6 potions of flight
 D - 5 potions of brilliance
 E - a potion of magic
 F - 4 potions of might
 V - 2 potions of agility
 Y - a potion of invisibility
Miscellaneous
 m - a fan of gales
 q - a legendary deck of changes
 U - a piece from Xom's chessboard
 W - a phantom mirror
Comestibles
 f - 25 bread rations
 k - 17 meat rations
 p - 31 fruits


   Skills:
 + Level 16.8(21.8) Fighting
 * Level 24.0(27) Axes
   Level 4.2(22.0) Polearms
 + Level 8.9(13.9) Armour
 + Level 14.3(19.3) Dodging
 + Level 12.1(17.1) Stealth
 + Level 18.1(23.1) Shields
 * Level 19.1 Invocations
 + Level 2.3 Evocations


You had 10 spell levels left.
You knew the following spells:

 Your Spells              Type           Power        Failure   Level  Hunger
a - Animate Dead          Necr           N/A          99%         4    #####..
b - Control Undead        Necr           #.........   99%         4    #####..
c - Statue Form           Trmt/Erth      #........    100%        6    #######


Dungeon Overview and Level Annotations

Branches:
Dungeon (15/15)            Temple (0/1) D:6            Lair (7/8) D:8
  Swamp (4/4) Lair:4        Snake (4/4) Lair:4          Orc (2/2) D:12
    Elf (3/3) Orc:2        Vaults (4/5) D:13          Crypt (0/3) Vaults:2
 Depths (5/5) D:15
  Slime: Lair:6-8       Zot: Depths:5

Altars:
Ashenzari
Cheibriados
Dithmenos
Fedhas
Kikubaaqudgha
Nemelex Xobeh
Okawaru
Pakellas
Qazlal
Ru
Sif Muna
Trog
Vehumet
Xom
Yredelemnul
The Shining One

Shops:
D:4 [   D:5 ::[!   D:6 [[}   D:15 *}?**   Orc:2 !*(:   Snake:2 %   Vaults:3 *
Depths:2 *(

Portals:
Hell: Depths:1 Depths:2 Depths:3 Depths:4 Depths:5
Abyss: Depths:3 Depths:4
Pandemonium: Depths:3
Ziggurat: Depths:3

Annotations:
D:8 Erica
Snake:1 exclusion: Roxanne, Roxanne
Depths:1 exclusion: door
Depths:3 exclusions: 2 doors and 7 more exclusions


Innate Abilities, Weirdness & Mutations

You are under a permanent stasis effect.
You can dig through walls and to a lower floor.
Your four strong arms can wield two-handed weapons with a shield.
You have a pair of large antennae on your head (SInv).
You have large cloven feet.
Your skin changes colour to match your surroundings (Stealth).
Scrolls take you a little longer to read.
You are clumsy. (Dex -2)
Your natural rate of healing is unusually fast.
You are robust (+10% HP).


Message History

Drink which item? (? for menu, Esc to quit)
Okay, then.
You gain the combat prowess of a mighty hero.
You feel slightly more hungry.
You block the caustic shrike's attack. x2
The caustic shrike closely misses you. x2
The white draconian breathes frost at you.
The chilling blast hits you! You resist.
* * * LOW HITPOINT WARNING * * *
You block the spriggan rider's attack.
Unknown command.
Drink which item? (? for menu, Esc to quit)
You feel much better. The caustic shrike claws you!!
* * * LOW HITPOINT WARNING * * *
You are splashed with acid!
The acid corrodes you!
The acid burns!
You resist.
* * * LOW HITPOINT WARNING * * *
You block the caustic shrike's attack. The caustic shrike claws you!
* * * LOW HITPOINT WARNING * * *
The translocation field surrounding you vibrates and the caustic shrike disappears!
You are splashed with acid!
The acid corrodes you!
The acid burns!
You resist.
You die...

... #.... ..
.#.#######.. ...........
### ####### #.##.......
..#. ..... #..........
#.#.###.######).#.......
#.#..........§§dc(....#
#.###.#.......@bD)#.##
###.#...).#......#i[#
.....##.#.#......#..####
.....##.#.#....#.#.....#
.....##.#.#........###.)
#######.#.#.####.### #..
........#.#......# ⌠
#########.######## # .#


You could see a shadow dragon, a caustic shrike, a white draconian, a spriggan
rider and a yaktaur.

Vanquished Creatures
  Boris (Vaults:3)
  Norris (Elf:2)
  A golden dragon (Depths:4)
  Nikola (Elf:2)
  2 bone dragons
  A tentacled monstrosity (Depths:3)
  A titan (Depths:4)
  The ghost of namelastname112 the Brawler, an adept DrWz of Ru (Vaults:1)
  2 liches
  5 deep elf blademasters (Elf:3)
  A deep elf master archer (Elf:3)
  7 tentacled starspawn (WizLab)
  Gastronok (D:8)
  4 sphinxes
  3 thorn hunters
  An ancient champion (Depths:5)
  A shadow dragon (Depths:3)
  13 greater nagas
  2 fire giants
  Maud (Lair:5)
  Donald (Snake:1)
  Wiglaf (Elf:2)
  4 iron dragons
  4 deep elf sorcerers
  9 frost giants
  A cacodemon (WizLab)
  An orc warlord (Orc:1)
  Aizul (Snake:1)
  5 vault wardens
  2 spriggan defenders
  2 war gargoyles (WizLab)
  2 deep elf elementalists (Elf:3)
  4 very ugly things
  7 ironheart preservers
  19 stone giants
  The ghost of M4edhros the Unseen, a journeyman OpAr of Fedhas (Elf:1)
  A vampire knight (Depths:5)
  2 salamander stormcallers
  A deep elf demonologist (Vaults:2)
  5 deep elf annihilators
  Azrael (Snake:3)
  A dire elephant (D:15)
  2 spark wasps
  9 deep elf death magi
  2 purple draconians (Depths:5)
  Snorg (Lair:7)
  2 ettins
  A merfolk javelineer (Depths:1)
  4 vault guards
  Josephine (Swamp:1)
  6 fire dragons
  A crystal guardian (WizLab)
  9 great orbs of eyes
  4 yaktaur captains
  3 entropy weavers
  13 hydras
  13 naga warriors
  5 rakshasas
  2 ice dragons
  A hell beast (Depths:5)
  3 spriggan air magi (Depths:3)
  12 anacondas
  A hydra (shapeshifter) (Depths:3)
  3 ghost crabs
  5 alligators
  11 centaur warriors
  27 dancing weapons
  7 death yaks
  4 tengu warriors
  3 death knights
  8 spriggan berserkers
  13 ogre magi
  2 vampire magi
  13 naga sharpshooters
  9 deep troll earth magi
  3 orc high priests
  9 deep troll shamans
  18 deep elf knights
  A sun demon (Depths:5)
  Urug (Lair:1)
  6 shock serpents
  2 fire crabs (shapeshifter)
  A wretched star (WizLab)
  3 shadow wraiths
  2 fire crabs
  7 iron trolls
  A salamander mystic (Snake:2)
  A hell knight (Depths:3)
  3 shambling mangroves
  3 skeletal warriors
  A small abomination (Elf:3)
  2 orange crystal statues
  7 swamp dragons
  A death drake (Swamp:4)
  10 sea snakes (Snake:4)
  6 giant orange brains
  A sea snake (shapeshifter) (Depths:3)
  A swamp dragon (shapeshifter) (Depths:3)
  2 flayed ghosts
  3 unseen horrors (shapeshifter)
  12 ironbrand convokers
  4 wizards
  6 necromancers
  12 deep elf archers
  4 naga ritualists
  5 harpies (Vaults:1)
  6 hill giants
  Pikel (D:4)
  5 phantasmal warriors
  2 spectral hydras (Swamp:4)
  2 large abominations (Elf:1)
  2 orb spiders (shapeshifter)
  9 griffons
  15 orc knights
  50 deep elf magi
  20 deep trolls
  6 mana vipers
  2 cyclopes
  A mana viper (shapeshifter) (Depths:3)
  23 ugly things
  8 orc sorcerers
  A stone giant zombie (Vaults:1)
  A hornet (shapeshifter) (Depths:3)
  3 wolf spiders
  A cyclops (shapeshifter) (Depths:3)
  13 salamanders
  4 hornets
  4 elephants (Lair:7)
  Joseph (Lair:1)
  A black mamba (shapeshifter) (Vaults:3)
  4 eyes of devastation (WizLab)
  37 black mambas
  13 guardian serpents
  13 naga magi
  9 vault sentinels
  An ice statue (IceCv)
  16 spiny frogs
  A gargoyle (D:10)
  4 kobold demonologists
  7 swamp worm zombies (Swamp:4)
  16 komodo dragons
  37 yaktaurs
  5 spectral swamp worms (Depths:2)
  A yaktaur (shapeshifter) (Depths:3)
  A fire drake (Lair:4)
  2 human skeletons (Vaults:2)
  6 freezing wraiths
  A tengu conjurer (Depths:1)
  A jumping spider (shapeshifter) (Depths:3)
  19 polar bears
  3 hydra zombies (Swamp:4)
  A tengu simulacrum (Vaults:2)
  45 slime creatures
  A polar bear (shapeshifter) (Vaults:2)
  23 two-headed ogres
  4 giant leeches
  4 trolls
  3 boulder beetles
  2 trolls (shapeshifter)
  4 spectral swamp dragons (Swamp:4)
  16 blink frogs
  2 alligator zombies (Swamp:4)
  A raiju (shapeshifter) (Depths:3)
  A stone giant simulacrum (Vaults:1)
  8 bog bodies
  9 air elementals
  7 redbacks
  3 spriggans (shapeshifter)
  3 shadows
  10 wraiths
  16 spriggans
  4 water elementals
  2 basilisks (shapeshifter)
  8 basilisks
  11 hippogriffs
  Eustachio (D:3)
  A steam dragon (Lair:4)
  Grum (D:8)
  3 wyverns
  A golden eye (shapeshifter) (Depths:3)
  6 fire elementals
  47 yaks
  11 golden eyes (WizLab)
  A hippogriff (shapeshifter) (Depths:3)
  20 humans (D:13)
  A yak (shapeshifter) (Depths:3)
  18 vampire mosquitoes
  A yaktaur simulacrum (Vaults:3)
  An ogre zombie (Vaults:1)
  34 wolves
  A hungry ghost (D:11)
  20 insubstantial wisps
  59 nagas
  4 wargs
  7 water moccasins
  28 swamp worms
  5 hell hounds (Snake:3)
  7 porcupines
  A slave (D:4)
  6 swamp drakes
  9 phantoms
  8 ice beasts
  5 black bears
  An eye of draining (shapeshifter) (Vaults:1)
  36 orc warriors
  An eye of draining (D:15)
  13 starcursed masses (WizLab)
  4 swamp dragon zombies (Swamp:4)
  50 ogres
  2 sky beasts
  8 boggarts
  23 wasps
  18 centaurs
  16 crocodiles
  4 big kobolds
  An elf zombie (Elf:1)
  4 human zombies
  25 giant frogs
  A wyvern zombie (D:8)
  Blork the orc (D:5)
  2 earth elementals (Elf:1)
  4 scorpions
  2 human simulacra (Vaults:1)
  17 killer bees
  15 wights
  3 electric eels
  7 jellies
  A quasit (D:12)
  7 crimson imps
  2 giant frog zombies
  5 centaur zombies
  Crazy Yiuf (D:5)
  20 orc priests
  2 centaur skeletons
  A gnoll shaman (D:6)
  5 hounds
  2 iron imps
  30 orc wizards
  19 iguanas
  5 hell rats (Lair:6)
  A spectral swamp drake (Swamp:4)
  13 worker ants
  2 killer bee zombies
  26 sheep
  A hound zombie (D:7)
  2 hound skeletons
  2 worker ant zombies
  6 gnolls (D:6)
  8 adders
  67 river rats
  A swamp drake zombie (Swamp:4)
  8 shadow imps
  12 white imps (Lair:2)
  2 oozes
  2 adder zombies
  3 adder skeletons
  7 worms
  5 giant geckos
  90 orcs
  A ball python (D:4)
  8 bats
  4 giant cockroaches
  9 goblins
  8 hobgoblins
  6 jackals
  12 quokkas
  A giant gecko skeleton (D:6)
  A giant gecko zombie (D:6)
  4 giant newts
  A jackal skeleton (D:9)
  11 kobolds
  A quokka skeleton (D:8)
  24 rats
  17 briar patches
  4 demonic plants (WizLab)
  3 fungi
  6 plants
  12 starspawn tentacles (WizLab)
2085 creatures vanquished.

Vanquished Creatures (others)
  A lich (Depths:1)
  2 deep elf master archers (Elf:3)
  2 eldritch tentacles (Depths:3)
  A deep elf elementalist (Elf:3)
  A spriggan defender (Depths:5)
  2 stone giants
  A spark wasp (Depths:4)
  2 deep elf high priests (Elf:3)
  A shock serpent (Snake:2)
  6 deep elf archers
  A deep elf mage (Elf:3)
  A naga mage (Snake:2)
  5 yaktaurs
  A polar bear (IceCv)
  A slime creature (Depths:4)
  A spriggan (Swamp:4)
  An air elemental (Depths:5)
  A tarantella (shapeshifter) (D:14)
  2 yaks (IceCv)
  6 wolves (IceCv)
  An insubstantial wisp (Swamp:4)
  A wasp (Swamp:4)
  An ogre (Depths:3)
  4 centaurs
  An elf zombie (Elf:1)
  A giant frog (D:14)
  5 briar patches
  2 crawling corpses (Elf:3)
  185 eldritch tentacle segments (Depths:3)
  8 fungi
  20 plants
  13 starspawn tentacles (WizLab)
  90 starspawn tentacle segments (WizLab)
371 creatures vanquished.

Grand Total: 2456 creatures vanquished

Notes
Turn   | Place    | Note
--------------------------------------------------------------
     0 | D:1      | Trivium the Formicid Fighter began the quest for the Orb.
     0 | D:1      | Reached XP level 1. HP: 18/18 MP: 1/1
    75 | D:1      | Reached XP level 2. HP: 22/24 MP: 2/2
   167 | D:1      | Reached skill level 4 in Shields
   466 | D:1      | Reached XP level 3. HP: 29/29 MP: 3/3
   580 | D:1      | Upgraded the game from 0.18-a0-1060-g4fac74f to 0.18-a0-1078-gebb93d0
   624 | D:2      | Found an ancient bone altar of Kikubaaqudgha.
  1228 | D:2      | Reached XP level 4. HP: 27/35 MP: 4/4
  1921 | D:3      | Found an iron altar of Okawaru.
  1934 | D:3      | Became a worshipper of Warmaster Okawaru
  2156 | D:3      | Reached skill level 1 in Dodging
  2156 | D:3      | Reached XP level 5. HP: 42/42 MP: 5/5
  2408 | D:4      | Noticed Eustachio
  2419 | D:3      | Reached skill level 1 in Stealth
  2436 | D:3      | Killed Eustachio
  2436 | D:3      | Reached * piety under Okawaru
  2436 | D:3      | Reached skill level 5 in Shields
  2436 | D:3      | Reached XP level 6. HP: 14/49 MP: 6/6
  2916 | D:4      | Found a snail-covered altar of Cheibriados.
  2951 | D:4      | Noticed an ice beast
  2958 | D:4      | Killed an ice beast
  2958 | D:4      | Reached ** piety under Okawaru
  2958 | D:4      | Reached XP level 7. HP: 55/55 MP: 7/7
  2975 | D:4      | Got a scorched leather armour
  2976 | D:4      | Found a basalt altar of Yredelemnul.
  2987 | D:4      | Identified the +0 leather armour "Gogisef" {*Contam +Inv Regen+ Dex+5} (You found it on level 4 of the Dungeon)
  3012 | D:4      | Noticed Pikel
  3030 | D:4      | Killed Pikel
  3030 | D:4      | Reached skill level 5 in Fighting
  3030 | D:4      | Reached skill level 5 in Axes
  3030 | D:4      | Reached skill level 6 in Shields
  3030 | D:4      | Reached XP level 8. HP: 23/62 MP: 8/8
  3259 | D:4      | Found Getoijy's Armour Shoppe.
  3445 | D:5      | Entered Level 5 of the Dungeon
  3727 | D:5      | Noticed Crazy Yiuf
  3735 | D:5      | Killed Crazy Yiuf
  3735 | D:5      | Reached *** piety under Okawaru
  3754 | D:5      | Found Varam's Jewellery Shop.
  3791 | D:5      | Found Giconk's Armour Shoppe.
  3839 | D:5      | Noticed Blork the orc
  3901 | D:5      | Killed Blork the orc
  3930 | D:5      | Found Lakeemamue's Distillery.
  3933 | D:5      | Bought a potion of heal wounds for 55 gold pieces
  3933 | D:5      | Bought a potion of mutation for 27 gold pieces
  3933 | D:5      | Gained mutation: Your magical capacity is low (-10% MP). [potion of mutation]
  3933 | D:5      | Gained mutation: You have sharp toenails. [potion of mutation]
  3933 | D:5      | Gained mutation: Scrolls take you a little longer to read. [potion of mutation]
  3934 | D:5      | Gained mutation: You are weak. (Str -2) [potion of mutation]
  3934 | D:5      | Gained mutation: You possess an exceptional clarity of mind. [potion of mutation]
  3934 | D:5      | Gained mutation: Your mind is acute. (Int +2) [potion of mutation]
  3935 | D:5      | Gained mutation: You are clumsy. (Dex -2) [potion of mutation]
  3935 | D:5      | Gained mutation: Your spells are a little harder to cast, but a little more powerful. [potion of mutation]
  3936 | D:5      | Gained mutation: Your natural rate of healing is unusually fast. [potion of mutation]
  3936 | D:5      | Gained mutation: You are partially covered in molten scales (AC +1). [potion of mutation]
  3936 | D:5      | Lost mutation: You are clumsy. (Dex -2) [potion of mutation]
  4011 | D:5      | Found Geguf's Book Shoppe.
  4038 | D:5      | Found Roczoiso's Book Shop.
  4082 | D:5      | Reached skill level 1 in Invocations
  4082 | D:5      | Reached XP level 9. HP: 67/69 MP: 7/8
  4343 | D:6      | Found a staircase to the Ecumenical Temple.
  4466 | D:6      | Found Dipew's Antique Armour Boutique.
  4659 | D:6      | Found Vutaut's Antique Armour Shop.
  4715 | D:6      | Reached **** piety under Okawaru
  4786 | D:6      | Found a shadowy altar of Dithmenos.
  4813 | D:6      | Reached skill level 7 in Shields
  4988 | D:6      | Identified a +1 pair of boots of running (You found it on level 6 of the Dungeon)
  5087 | D:6      | Found Fyfe Ucw's Gadget Shoppe.
  5383 | D:7      | Found a stormy altar of Qazlal.
  5420 | D:6      | Reached skill level 5 in Stealth
  5718 | D:7      | Found a deep blue altar of Sif Muna.
  5722 | D:7      | Found a radiant altar of Vehumet.
  5738 | D:7      | Got a transparent leather armour
  5778 | D:6      | Identified the +1 leather armour of the Cast Vote {+Blink rF- Dex+2 SInv} (You found it on level 7 of the Dungeon)
  5826 | D:6      | Gained mutation: You are clumsy. (Dex -2) [mutagenic glow]
  5926 | D:6      | Reached XP level 10. HP: 64/76 MP: 11/11
  6125 | D:7      | Found a shattered altar of Ashenzari.
  6167 | D:7      | Found a sacrificial altar of Ru.
  6180 | D:7      | Found a blossoming altar of Fedhas.
  6251 | D:7      | Reached skill level 5 in Dodging
  6321 | D:7      | Reached ***** piety under Okawaru
  6416 | D:7      | Found a shimmering altar of Xom.
  6419 | D:7      | Lost mutation: You are partially covered in molten scales (AC +1). [potion of cure mutation]
  6419 | D:7      | Lost mutation: Your magical capacity is low (-10% MP). [potion of cure mutation]
  6569 | D:8      | Noticed Erica
  6806 | D:8      | Reached skill level 5 in Armour
  6872 | D:8      | Found a sparkling altar of Nemelex Xobeh.
  6893 | D:8      | Found a staircase to the Lair.
  6894 | D:8      | Noticed a komodo dragon
  6918 | D:8      | Reached skill level 8 in Axes
  6919 | D:8      | Noticed Gastronok
  6956 | D:8      | HP: 1/76 [Gastronok (19)]
  6959 | D:8      | Killed Gastronok
  6959 | D:8      | Reached skill level 5 in Invocations
  6959 | D:8      | Reached skill level 1 in Evocations
  7045 | D:8      | Killed a komodo dragon
  7045 | D:8      | Reached skill level 9 in Axes
  7045 | D:8      | Reached XP level 11. HP: 42/83 MP: 15/15
  7432 | D:8      | Noticed Grum
  7724 | D:8      | Found a bloodstained altar of Trog.
  7960 | D:8      | Killed Grum
  7971 | D:8      | Got a crystal trident {pain}
  8087 | D:6      | Bought a pair of ancient gloves for 237 gold pieces
  8097 | D:6      | Identified the +2 pair of gloves of Watchfulness {rC+ rN+ MR+ Str+2} (You bought it in a shop on level 6 of the Dungeon)
  8164 | Lair:1   | Entered Level 1 of the Lair of Beasts
  8220 | Lair:1   | Noticed Joseph
  8245 | Lair:1   | Killed Joseph
  8299 | Lair:1   | Noticed Urug
  8390 | Lair:1   | Identified the +8 trident of Dawn {pain, rElec Dex+3} (You took it off Grum on level 8 of the Dungeon)
  8461 | Lair:1   | Killed Urug
  8546 | Lair:1   | Reached skill level 10 in Axes
  8737 | Lair:1   | Received a gift from Okawaru
  8985 | Lair:1   | Noticed a five-headed hydra
  8999 | Lair:1   | Killed a five-headed hydra
  9420 | Lair:2   | Reached XP level 12. HP: 77/92 MP: 17/17
  9487 | Lair:2   | Found a frozen archway.
  9529 | IceCv    | Entered an ice cave
 10052 | IceCv    | Reached ****** piety under Okawaru
 10093 | IceCv    | Received a gift from Okawaru
 10107 | IceCv    | Reached skill level 10 in Shields
 10113 | IceCv    | Got a pitted chain mail {god gift}
 10119 | IceCv    | Identified the +8 chain mail "Akhlo" {Dex+4} (Okawaru gifted it to you in an ice cave)
 10169 | IceCv    | Gained mutation: Potions and wands are less effective at restoring your health. [mutagenic glow]
 10703 | IceCv    | Noticed a death yak
 10719 | IceCv    | Noticed a death yak
 10729 | IceCv    | Killed a death yak
 10740 | IceCv    | Killed a death yak
 10837 | IceCv    | Noticed a frost giant
 10885 | IceCv    | Killed a frost giant
 10885 | IceCv    | Reached XP level 13. HP: 86/99 MP: 16/20
 11163 | D:6      | Bought a faintly humming cloak for 256 gold pieces
 11173 | D:6      | Identified the +1 cloak of Gozag {-Cast Int+3 SInv} (You bought it in a shop on level 6 of the Dungeon)
 11283 | D:9      | Reached skill level 11 in Shields
 11757 | D:9      | Reached skill level 10 in Invocations
 11911 | D:9      | Got a distressingly furry leather armour
 11925 | D:9      | Identified the +1 leather armour "Acoz" {rN+ MR+} (You found it on level 9 of the Dungeon)
 12129 | D:10     | Entered Level 10 of the Dungeon
 12366 | D:10     | Reached skill level 1 in Polearms
 12577 | D:10     | Received a gift from Okawaru
 12580 | D:10     | Got a faintly glowing great mace {god gift}
 12581 | D:10     | Identified the +1 great mace "Tecwuj" {speed, +Inv rN+ Int+2} (Okawaru gifted it to you on level 10 of the Dungeon)
 12872 | D:11     | Gained mutation: Your skin changes colour to match your surroundings (Stealth). [mutagenic meat]
 12874 | D:11     | Gained mutation: You are very clumsy. (Dex -4) [mutagenic meat]
 13176 | D:11     | Lost mutation: Your mind is acute. (Int +2) [mutagenic meat]
 13322 | D:11     | Reached skill level 12 in Shields
 13420 | D:11     | Received a gift from Okawaru
 14051 | D:12     | Gained mutation: You are partially covered in icy blue scales (AC +1). [mutagenic meat]
 14052 | D:12     | Lost mutation: Potions and wands are less effective at restoring your health. [mutagenic meat]
 14301 | D:12     | HP: 2/101 [enormous slime creature (44)]
 14451 | D:12     | Reached XP level 14. HP: 101/108 MP: 22/22
 14629 | D:12     | Found a staircase to the Orcish Mines.
 14814 | Orc:1    | Entered Level 1 of the Orcish Mines
 14972 | Orc:1    | Noticed a stone giant
 14996 | Orc:1    | Killed a stone giant
 15177 | Orc:2    | Entered Level 2 of the Orcish Mines
 15177 | Orc:2    | Found a staircase to the Elven Halls.
 15196 | Orc:2    | Found a flickering gateway to a bazaar.
 15210 | Bazaar   | Entered a bazaar
 15210 | Bazaar   | Found Nocakkas's Antique Weapon Boutique.
 15210 | Bazaar   | Found Kofu Hai's Antique Armour Shop.
 15210 | Bazaar   | Found Meug's Armour Shop.
 15268 | Bazaar   | Bought a +1 buckler of protection for 214 gold pieces
 15305 | Orc:2    | HP: 4/108 [poisoned by an orc warrior]
 15752 | Orc:1    | Noticed an orc warlord
 15798 | Orc:1    | Killed an orc warlord
 15798 | Orc:1    | Received a gift from Okawaru
 16585 | Orc:1    | Reached skill level 10 in Fighting
 17030 | Orc:2    | Found Meckacen's General Store.
 17030 | Orc:2    | Found Umoetewn's Distillery.
 17031 | Orc:2    | Found Yrupnar's Book Emporium.
 17031 | Orc:2    | Found Beutt's Weapon Emporium.
 17070 | Orc:2    | Bought a potion of curing for 36 gold pieces
 17070 | Orc:2    | Bought a potion of curing for 36 gold pieces
 17070 | Orc:2    | Bought a potion of curing for 36 gold pieces
 17070 | Orc:2    | Bought 2 potions of mutation for 60 gold pieces
 17070 | Orc:2    | Bought a potion of invisibility for 96 gold pieces
 17070 | Orc:2    | Bought a potion of agility for 48 gold pieces
 18066 | Lair:2   | Received a gift from Okawaru
 18625 | Lair:3   | Reached XP level 15. HP: 117/117 MP: 23/23
 19640 | Lair:4   | Reached skill level 10 in Dodging
 19787 | Lair:4   | Found a staircase to the Swamp.
 19818 | Lair:4   | Found a staircase to the Snake Pit.
 20138 | Lair:5   | Reached skill level 13 in Axes
 20657 | Lair:5   | Noticed Maud
 20673 | Lair:5   | Killed Maud
 21093 | Lair:6   | Received a gift from Okawaru
 21711 | Lair:6   | Found an iron altar of Okawaru.
 22307 | Lair:7   | Got a faintly humming robe
 22326 | Lair:7   | Identified the +2 robe of Yfanles {rElec Regen+ SInv} (You found it on level 7 of the Lair of Beasts)
 23208 | Lair:7   | Noticed Snorg
 23248 | Lair:7   | Killed Snorg
 23604 | Lair:7   | Reached XP level 16. HP: 125/125 MP: 25/25
 23659 | Snake:1  | Entered Level 1 of the Snake Pit
 24038 | Snake:1  | Noticed Roxanne
 24182 | Snake:1  | Noticed Aizul
 24209 | Snake:1  | Killed Aizul
 24209 | Snake:1  | Reached skill level 14 in Axes
 24352 | Snake:1  | Noticed Donald
 24371 | Snake:1  | Killed Donald
 24398 | Snake:1  | Identified a scroll of acquirement
 25371 | Snake:1  | Received a gift from Okawaru
 25374 | Snake:1  | Got a faintly glowing broad axe {god gift}
 25377 | Snake:1  | Identified the +10 broad axe of the Endless March {flame, rPois Str+6 Stlth-} (Okawaru gifted it to you on level 1 of the Snake Pit)
 25920 | D:13     | Found an oddly glowing altar of Pakellas.
 26379 | D:13     | Found a gate to the Vaults.
 26621 | D:14     | Received a gift from Okawaru
 26720 | D:14     | Lost mutation: You possess an exceptional clarity of mind. [potion of cure mutation]
 26720 | D:14     | Lost mutation: You are very clumsy. (Dex -4) [potion of cure mutation]
 26720 | D:14     | Lost mutation: You are weak. (Str -2) [potion of cure mutation]
 26720 | D:14     | Lost mutation: You are partially covered in icy blue scales (AC +1). [potion of cure mutation]
 26720 | D:14     | Lost mutation: You have sharp toenails. [potion of cure mutation]
 26720 | D:14     | Lost mutation: Your spells are a little harder to cast, but a little more powerful. [potion of cure mutation]
 26721 | D:14     | Gained mutation: You have large cloven feet. [potion of beneficial mutation]
 26722 | D:14     | Gained mutation: You are robust (+10% HP). [potion of beneficial mutation]
 26851 | D:15     | Entered Level 15 of the Dungeon
 26864 | D:15     | Found Muzxinn's Gadget Emporium.
 26871 | D:15     | Found a flickering gateway to a bazaar.
 26878 | Bazaar   | Entered a bazaar
 26895 | Bazaar   | Found Botwaeva's Jewellery Shoppe.
 26895 | Bazaar   | Found Caifoica's Antique Armour Emporium.
 26918 | Bazaar   | Found Fusiuly's Book Shoppe.
 26918 | Bazaar   | Found Keikumm's Armour Emporium.
 26939 | Bazaar   | Found Tuifod's Weapon Emporium.
 27008 | Bazaar   | Bought the amulet of Cekugob {Dismiss -Tele rElec rPois rN++ AC+1 EV+1} for 984 gold pieces
 27008 | Bazaar   | Bought the ring of the Scavenger {rN+ Dex+3 Stlth-} for 400 gold pieces
 27134 | D:15     | Found Kooxzex's Magic Scroll Boutique.
 27144 | D:15     | Found Esill's Assorted Antiques.
 27149 | D:15     | Bought a potion of heal wounds for 155 gold pieces
 27301 | D:15     | Reached skill level 15 in Axes
 27301 | D:15     | Reached XP level 17. HP: 146/146 MP: 27/27
 27374 | D:15     | Found Usmell's Assorted Antiques.
 27500 | D:15     | Found a staircase to the Depths.
 27671 | D:15     | Found Quefacusm's Elemental Accessories.
 28051 | Swamp:1  | Entered Level 1 of the Swamp
 28113 | Swamp:1  | Noticed Josephine
 28132 | Swamp:1  | Killed Josephine
 28132 | Swamp:1  | Received a gift from Okawaru
 28220 | Swamp:1  | Noticed a thorn hunter
 28420 | Swamp:1  | Killed a thorn hunter
 28902 | D:15     | Bought a brightly glowing platinum ring for 180 gold pieces
 28904 | D:15     | Identified the ring "Fetas" {rF+++ MP-9 Str+6 Int+2} (You bought it in a shop on level 15 of the Dungeon)
 28929 | Depths:1 | Entered Level 1 of the Depths
 29132 | Depths:1 | Noticed an acid blob
 29135 | Depths:1 | Noticed an acid blob
 29671 | Depths:1 | Noticed a lich
 29680 | Depths:1 | Killed a lich
 29787 | Depths:1 | Found a gateway to Hell.
 29874 | Depths:1 | Reached skill level 16 in Axes
 30081 | Depths:1 | Found a glowing golden altar of the Shining One.
 30083 | Depths:1 | Noticed a sphinx
 30103 | D:15     | Killed a sphinx
 30369 | Depths:2 | Found Qaal's Antique Weapon Shoppe.
 30501 | Depths:2 | Received a gift from Okawaru
 30501 | Depths:2 | Reached XP level 18. HP: 154/154 MP: 28/28
 30504 | Depths:2 | Got a pair of encrusted gloves {god gift}
 30515 | Depths:2 | Identified the +2 pair of gloves of the Oligarchy {rPois rF+++ MR- Dex-3} (Okawaru gifted it to you on level 2 of the Depths)
 30530 | Depths:2 | Found Jaron's General Store.
 30962 | D:15     | Bought a pair of fine boots for 342 gold pieces
 30972 | D:15     | Identified the +0 pair of boots of the Blacksmith {-Tele rElec rCorr Dex+8} (You bought it in a shop on level 15 of the Dungeon)
 31482 | Snake:2  | Reached skill level 15 in Shields
 31936 | Swamp:2  | Received a gift from Okawaru
 32215 | Swamp:2  | Reached skill level 17 in Axes
 32880 | Swamp:2  | Reached skill level 15 in Invocations
 32894 | Swamp:3  | Received a gift from Okawaru
 33473 | Swamp:4  | Entered Level 4 of the Swamp
 33506 | Swamp:4  | Reached XP level 19. HP: 152/162 MP: 30/30
 34330 | Swamp:4  | Noticed a bone dragon
 34351 | Swamp:4  | Killed a bone dragon
 34415 | Swamp:4  | Got a decaying rune of Zot
 34924 | Snake:2  | Reached skill level 18 in Axes
 34981 | Snake:2  | Found Wociullu's Food Boutique.
 35458 | Snake:3  | Noticed Azrael
 35483 | Snake:3  | Killed Azrael
 36052 | Snake:3  | Received a gift from Okawaru
 36066 | Snake:3  | Got a polished cloak {god gift}
 36102 | Snake:3  | Identified the +1 cloak of Quanaet {Str+4 Int+4} (Okawaru gifted it to you on level 3 of the Snake Pit)
 36411 | Snake:4  | Entered Level 4 of the Snake Pit
 36883 | Snake:4  | Reached XP level 20. HP: 148/168 MP: 30/31
 37058 | Snake:4  | Reached skill level 19 in Axes
 37178 | Snake:4  | Got a serpentine rune of Zot
 37366 | Snake:4  | Received a gift from Okawaru
 37372 | Snake:4  | Got a slimy chain mail {god gift}
 37383 | Snake:4  | Identified the +7 chain mail of the Tortoise {-Cast rElec rPois rF++} (Okawaru gifted it to you on level 4 of the Snake Pit)
 38231 | Vaults:1 | Entered Level 1 of the Vaults
 38231 | Vaults:1 | Noticed namelastname112's ghost (adept DrWz)
 38239 | Vaults:1 | Reached skill level 10 in Stealth
 38663 | Vaults:1 | Killed namelastname112's ghost
 38977 | Vaults:1 | Reached XP level 21. HP: 181/181 MP: 33/33
 38998 | Vaults:1 | Received a gift from Okawaru
 39429 | Vaults:1 | Reached skill level 20 in Axes
 39561 | Vaults:2 | Noticed a bone dragon
 39562 | Vaults:2 | Found a staircase to the Crypt.
 39567 | Vaults:2 | Killed a bone dragon
 40528 | Vaults:3 | Received a gift from Okawaru
 40544 | Vaults:3 | Got a steaming battleaxe {god gift}
 40545 | Vaults:3 | Identified the +7 battleaxe of the Empty Page {drain, Int-4 Dex+4 Stlth+} (Okawaru gifted it to you on level 3 of the Vaults)
 40620 | Vaults:3 | Noticed Boris
 40639 | Vaults:3 | Killed Boris
 41003 | Vaults:3 | Reached XP level 22. HP: 173/190 MP: 34/34
 41044 | Vaults:3 | Found Nos Puha's General Store.
 41059 | Vaults:3 | Bought a scroll of identify for 32 gold pieces
 41059 | Vaults:3 | Bought a scroll of identify for 32 gold pieces
 41337 | Vaults:3 | Received a gift from Okawaru
 41337 | Vaults:3 | Reached skill level 21 in Axes
 41346 | Vaults:3 | Got a bloodstained executioner's axe {god gift}
 41347 | Vaults:3 | Identified the +5 executioner's axe of the Viper {flame, *Drain rF+ Str+10 Dex-4} (Okawaru gifted it to you on level 3 of the Vaults)
 42402 | Vaults:4 | Reached skill level 15 in Fighting
 42402 | Vaults:4 | Received a gift from Okawaru
 43268 | Elf:1    | Entered Level 1 of the Elven Halls
 43317 | Elf:1    | Found a magical portal.
 43323 | WizLab   | Entered Lehudib's Moon Base
 44000 | WizLab   | Reached XP level 23. HP: 173/199 MP: 32/35
 44003 | WizLab   | Identified Lehudib's Tome of Displacement
 44292 | Elf:1    | Noticed M4edhros's ghost (journeyman OpAr)
 44300 | Elf:1    | Killed M4edhros's ghost
 44300 | Elf:1    | Reached skill level 22 in Axes
 44307 | Elf:1    | Found a deep blue altar of Sif Muna.
 44338 | Elf:1    | Received a gift from Okawaru
 44810 | Elf:1    | Identified the Reference Book on Evil Secrets (You found it on level 1 of the Elven Halls)
 45155 | Elf:2    | Noticed Nikola
 45165 | Elf:2    | Killed Nikola
 45174 | Elf:2    | Noticed Wiglaf
 45183 | Elf:2    | Killed Wiglaf
 45185 | Elf:2    | Got a faintly glowing shield
 45196 | Elf:2    | Identified the +7 shield of Spite {Int+2 Stlth+} (You took it off Wiglaf on level 2 of the Elven Halls)
 45252 | Elf:2    | Found a runed gate.
 45252 | Elf:2    | Found a runed gate.
 45252 | Elf:2    | Found a runed gate.
 45796 | Elf:2    | Noticed Norris
 45817 | Elf:2    | Killed Norris
 46041 | Elf:3    | Entered Level 3 of the Elven Halls
 46951 | Elf:3    | Received a gift from Okawaru
 46973 | Elf:3    | Reached XP level 24. HP: 171/210 MP: 34/36
 47296 | Elf:3    | Learned a level 4 spell: Animate Dead
 47301 | Elf:3    | Learned a level 4 spell: Control Undead
 47364 | Elf:3    | Identified a +4 rod of clouds (12/12) (You found it on level 3 of the Elven Halls)
 47403 | Elf:3    | Got a brightly glowing tin amulet
 47406 | Elf:3    | Identified the amulet "Saelles" {Dismiss Dex+4} (You found it on level 3 of the Elven Halls)
 47414 | Elf:3    | Identified Izeomaz's Reference Book on Earthen Summoning
 47470 | Elf:3    | Received a gift from Okawaru
 47796 | D:15     | Bought a scroll of identify for 34 gold pieces
 47796 | D:15     | Bought a scroll of enchant weapon for 127 gold pieces
 47796 | D:15     | Bought a scroll of immolation for 59 gold pieces
 47796 | D:15     | Bought a scroll of immolation for 59 gold pieces
 47796 | D:15     | Bought a scroll of recharging for 161 gold pieces
 48082 | Depths:3 | Found a one-way gate to the infinite horrors of the Abyss.
 48163 | Depths:3 | Found a gateway to a ziggurat.
 48163 | Depths:3 | Noticed an ancient lich
 48338 | Depths:3 | Found a one-way gate leading to the halls of Pandemonium.
 48399 | Depths:3 | Reached skill level 23 in Axes
 48841 | Depths:3 | Received a gift from Okawaru
 50007 | Depths:4 | Received a gift from Okawaru
 50213 | Depths:4 | Noticed a golden dragon
 50224 | Depths:4 | Reached XP level 25. HP: 194/218 MP: 36/36
 50232 | Depths:4 | Got a coiled brass ring
 50235 | Depths:4 | Identified the ring of Truth {rN+++ MR- EV+4 Dex-3 SInv} (You found it on level 4 of the Depths)
 50918 | Depths:4 | Learned a level 6 spell: Statue Form
 51075 | Depths:5 | Entered Level 5 of the Depths
 51197 | Depths:5 | Reached skill level 24 in Axes
 51247 | Depths:5 | Received a gift from Okawaru
 51259 | Depths:5 | Noticed a caustic shrike
 51264 | Depths:5 | Noticed a caustic shrike
 51264 | Depths:5 | Noticed a caustic shrike
 51265 | Depths:5 | Noticed a caustic shrike
 51270 | Depths:5 | HP: 11/220 [acid (3)]
 51270 | Depths:5 | HP: 1/220 [caustic shrike (10)]
 51270 | Depths:5 | Splashed by a caustic shrike's acid

Vault maps used:
D:1:      dpeg_arrival_signposts
D:2:      kiku_gazebo_garden_becter, first_bread
D:3:      overflow_temple_1_default
D:4:      kennysheep_big_flooded_room, kennysheep_mini_moat,
          cheibriados_altar_1, serial_shops, shop, uniq_pikel, uniq_eustachio
D:5:      serial_shops, nicolae_shop_window_shopping, nicolae_shop_trees, shop,
          nicolae_shop_stone, nicolae_shop_stone, minivault_26,
          uniq_blork_the_orc, uniq_crazy_yiuf_cottage
D:6:      nicolae_dithmenos_through_a_glass_darkly, minmay_temple_entry_grid,
          serial_shops, shop, nicolae_shop_stone, kennysheep_little_box,
          st_stairs_9
D:7:      overflow_temple_1_default, xom_teletrap_fun,
          grunt_temple_overflow_open, lemuel_crystal_altar
D:8:      nemelex_deck, kennysheep_mini, david_lair_shrubbed, uniq_erica,
          uniq_grum, uniq_gastronok
D:10:     blue_anna_alchemist, minmay_misc_feat_secret_circle
D:11:     minmay_item_behind_shaft, lightli_corner_chamber
D:12:     orc_0_dummy
D:13:     grunt_vaults_entry_tiered, grunt_pakellas_sulfur
D:14:     minivault_19
D:15:     hangedman_depths_entry_try_elsewhere_first, serial_shops,
          bzr_entry_road, shop, nicolae_shop_temple_entry_statues_fountains,
          nicolae_shop_window_shopping, shop, nicolae_lava_and_water,
          nicolae_elemental_shop
Lair:1:   beast_lair_carwin_large_2, columned_hall_lemuel, uniq_urug,
          uniq_joseph
Lair:2:   beast_lair_carwin_large_3, portal_ice_cave_entry_imps,
          guppyfry_lair_drakes, serial_bayou_shore_b
Lair:4:   minmay_swamp_entry_worms, dummy_snake_entry, serial_bayou_pond_a,
          kennysheep_basilisk_garden
Lair:5:   uniq_maud
Lair:6:   kennysheep_abandoned_house, lemuel_centaur_altar
Lair:7:   uniq_snorg
Swamp:1:  serial_swamp_ruin, evilmike_swamp_ruin_rubble_1,
          evilmike_swamp_ruin_rubble_2, evilmike_swamp_ruin_house_3,
          uniq_josephine
Swamp:2:  evilmike_swamp_ruin_wall, swamp_pool5
Swamp:3:  hangedman_swamp_lotus, st_swamp_ruins_3
Swamp:4:  swamp_pestilence, infiniplex_staircase_pool
Snake:1:  uniq_roxanne, uniq_aizul, uniq_donald
Snake:2:  nicolae_aizul_guard, serial_shops, shop, nicolae_snake_single_loop
Snake:3:  grunt_megastairs_2, uniq_azrael
Snake:4:  grunt_snake_rune_pools, st_stairs_13
Orc:2:    st_orc_elflike, serial_shops, bzr_entry_customers
Elf:1:    basic_altar, infiniplex_enter_wizlab_spiral, minmay_elf_necromancy
Elf:2:    spider_trap, uniq_norris, uniq_wiglaf, uniq_nikola
Elf:3:    minmay_elf_hall, grunt_ministairs_7
Vaults:1: grunt_vaults_bifocal, nicolae_vaults_halls_meeting,
          vaults_mumra_minichess_inversion, ontoclasm_vaults_decontamination,
          v_misc_12, v_misc_12, v_rooms_3, ontoclasm_vaults_chip,
          vaults_dpeg_ring, vaults_room_stairs_pillars, v_misc_9
Vaults:2: v_misc_29, v_misc_4, nicolae_vaults_rhombus_5, vaults_dpeg_hooks,
          hangedman_vaults_stretched_pinwheel, vaults_room_hallway,
          nicolae_vaults_theta, minmay_crypt_entry_nasty_monster,
          ontoclasm_vaults_spin, nicolae_vaults_three_branches,
          vaults_room_hallway, vaults_mumra_minichess,
          nicolae_vaults_ring_of_whatevers
Vaults:3: ontoclasm_vaults_ligature, ontoclasm_vaults_bender, v_rooms_2,
          v_misc_16, v_misc_23, nicolae_vaults_alarming,
          hangedman_vaults_unwind, nicolae_vaults_angled_halls, v_alt_pattern_4,
          hangedman_vaults_slice, vaults_standard_mumra_x, vaults_room_grid,
          vaults_room_pools, vaults_room_pool, nicolae_vaults_theta,
          serial_shops, shop_statue, uniq_boris
Vaults:4: vaults_room_stairs_pillars, vaults_room_hallway,
          ontoclasm_vaults_ring_small, nicolae_vaults_asterisk,
          nicolae_vaults_little_ls
Depths:1: minmay_stone_trees_small, grunt_hell_entry_dis_mu,
          kennysheep_flooded_box, grunt_decor_cap, minmay_acid_items
Depths:2: four-leaf_vault, serial_shops, shop, shop, shop, shop_statue,
          pf_hell_entry_tar_river, infiniplex_staircase_pool_2,
          roderic_lattice_octagonal_star
Depths:3: vault_1, enter_ziggurat_d, rand_demon_pan_entry_1, hell_entry,
          abyss_entry, st_stairs_6
Depths:4: kennysheep_green_arena, hangedman_decor_push,
          hangedman_abyss_entry_splay, hell_entry, minmay_holes,
          nrook_mini_vaults, infiniplex_staircase_pillars_2
Depths:5: grunt_twist_and_shout, abyss_entry, grunt_mini_vestibule,
          minmay_misc_feat_alley, minmay_fountain_box, basic_stair_grate_trap
Bazaar:   bazaar_outfitter, bazaar_short_row
IceCv:    ice_cave_caverns_02
WizLab:   wizlab_lehudib

Action                   |  1- 3 |  4- 6 |  7- 9 | 10-12 | 13-15 | 16-18 | 19-21 | 22-24 | 25-27 || total
-------------------------+-------+-------+-------+-------+-------+-------+-------+-------+-------++-------
Melee: War axe           |    84 |   164 |   336 |   283 |       |       |       |       |       ||   867
       Trident           |       |       |       |   430 |  1388 |   101 |       |       |       ||  1919
       Great mace        |       |       |       |       |     6 |       |       |       |       ||     6
       Battleaxe         |       |       |       |       |   568 |   220 |       |       |       ||   788
       Broad axe         |       |       |       |       |       |   969 |  1155 |  1088 |   191 ||  3403
       Executioner's axe |       |       |       |       |       |    12 |       |       |       ||    12
Invok: Heroism           |       |       |       |     6 |     8 |     4 |     3 |     2 |     1 ||    24
Evoke: Wand              |       |       |       |    18 |    31 |     3 |       |       |       ||    52
  Use: Potion            |       |     1 |     8 |     9 |     7 |    12 |     2 |     3 |     3 ||    45
       Scroll            |       |     3 |     4 |    16 |     6 |    16 |     8 |    11 |     2 ||    66
 Stab: Invisible         |       |       |     6 |       |       |       |    14 |    19 |       ||    39
       Sleeping          |       |       |    12 |    15 |    36 |    13 |    14 |    31 |     1 ||   122
       Paralysed         |       |       |       |       |     7 |       |       |       |       ||     7
       Distracted        |       |       |       |       |     5 |     4 |     5 |     4 |       ||    18
  Eat: Chunk             |       |     7 |     9 |    13 |    24 |    14 |     4 |     2 |       ||    73
       Pizza             |       |       |       |     2 |     2 |     2 |     2 |     1 |       ||     9
       Fruit             |       |       |       |     1 |     2 |     1 |     3 |     1 |       ||     8
       Beef jerky        |       |       |       |       |     5 |     3 |       |     3 |       ||    11
       Meat ration       |       |       |       |       |     2 |     1 |     1 |     3 |       ||     7
       Royal jelly       |       |       |       |       |     1 |     2 |     1 |     1 |     1 ||     6
       Bread ration      |       |       |       |       |     2 |     2 |     2 |     1 |       ||     7
